 Dungeon Crawl Stone Soup version 0.25.1-8-g42b30a86e7 (webtiles) character file.

Game seed: 17306798535933822302

82 Kives the Cutter (level 4, -3/23 HPs)
             Began as a Spriggan Chaos Knight on Dec 9, 2020.
             Was a Plaything of Xom.
             Killed by nerve-wracking pain
             ... invoked by an orc priest
              (5 damage)
             ... on level 3 of the Dungeon.
             The game lasted 00:08:49 (2339 turns).

Kives the Cutter (Spriggan Chaos Knight)            Turns: 2339, Time: 00:08:49

Health: -3/23      AC:  4    Str:  9    XL:     4   Next: 21%
Magic:  5/5        EV: 18    Int: 15    God:    Xom [..*...]
Gold:   86         SH:  0    Dex: 15    Spells: 3/3 levels left

rFire    + . .     SeeInvis +   a - +0 short sword (chaos)
rCold    . . .     Gourm    .   (shield restricted)
rNeg     . . .     Faith    .   b - +2 robe
rPois    .         Spirit   .   (helmet restricted)
rElec    .         Reflect  .   (no cloak)
rCorr    .         Harm     .   (gloves unavailable)
MR       .....                  (boots unavailable)
Stlth    +.........             (no amulet)
HPRegen  0.07/turn              (no ring)
MPRegen  0.09/turn              (no ring)

@: very quick
A: very small, unfitting armour, see invisible, clever 1, fire resistance 1,
herbivore, speed 3, slow metabolism 2
a: Renounce Religion


You were on level 3 of the Dungeon.
You worshipped Xom.
You were a toy of Xom.
You were not hungry.

You visited 1 branch of the dungeon, and saw 3 of its levels.

You collected 86 gold pieces.

Inventory:

Hand Weapons
 a - a +0 short sword of chaos (weapon)
 j - a +0 whip of venom
Missiles
 d - 90 stones (quivered)
 e - 70 sling bullets
 p - 39 arrows
Armour
 b - a +2 robe (worn)
Scrolls
 f - a scroll of enchant armour {unknown}
 g - 6 scrolls of blinking {unknown}
 l - 2 scrolls of identify {unknown}
 m - a scroll of fog {unknown}
 n - 2 scrolls of teleportation {unknown}
 o - a scroll of amnesia {unknown}
 q - a scroll of magic mapping {unknown}
Potions
 h - a potion of heal wounds {unknown}
 i - a potion of ambrosia {unknown}
 k - a potion of resistance {unknown}
Comestibles
 c - 3 rations


   Skills:
 - Level 2.4 Fighting
 + Level 5.6 Short Blades
 - Level 3.5 Dodging


You had 3 spell levels left.
You didn't know any spells.
Your spell library was empty.

Dungeon Overview and Level Annotations

Branches:
Dungeon (3/15)

Altars:


Innate Abilities, Weirdness & Mutations

You are very small and have problems with some larger weapons.
You are too small for most types of armour.
You have supernaturally acute eyesight. (SInv)
You are a herbivore.
You cover ground extremely quickly.
You need to consume almost no food.
Your mind is acute. (Int +2)
Your flesh is heat resistant. (rF+)


Message History

You hit the orc priest.
The orc priest suddenly seems more agile.
The orc priest is moderately wounded.
You hit the orc priest. You freeze the orc priest.
The orc priest is heavily wounded.
The orc priest hits you with a +0 mace.
* * * LOW HITPOINT WARNING * * *
You hit the orc priest.
The orc priest is poisoned.
The orc priest is severely wounded.
The orc closely misses you. The orc priest closely misses you.
You hit the orc priest but do no damage.
Nothing appears to happen.
The orc priest is severely wounded.
The orc hits you with a +0 flail.
* * * LOW HITPOINT WARNING * * *
You hit the orc priest. You burn the orc priest.
The orc priest is almost dead.
The orc priest invokes the aid of Beogh against you.
Pain shoots through your body!
You die...

### #.###### #.o....#
#.####o# #.####o####
#######.##.@g...#
#......o##oo....#
#.##.....)(...<('..
#.##.#####......#.#
#...................
#....############.#..#.#
#.#####.........#.#..#.#
#.# #.#######.#.#..#.#
#.# #.........#....#.##


You could see an orc priest (agile, very poisoned), 3 orcs and a goblin.

Vanquished Creatures
  3 adders
  2 worms
  A dart slug (D:1)
  2 leopard geckos
  An orc (D:3)
  2 giant cockroaches (D:3)
  4 goblins
  3 hobgoblins (D:1)
  9 jackals
  A quokka (D:3)
  4 bats (D:2)
  4 frilled lizards (D:1)
  5 kobolds
  A rat (D:2)
42 creatures vanquished.

Notes
Turn   | Place    | Note
-------+----------+-------------------------------------------
     0 | D:1      | Kives the Spriggan Chaos Knight began the quest for the
                  | Orb.
     0 | D:1      | Reached XP level 1. HP: 11/11 MP: 2/2
   119 | D:1      | XOM: silly message
   127 | D:1      | XOM: silly message
   211 | D:1      | XOM: 3-stop teleportation journey
   269 | D:1      | XOM: butterfly on damage
   271 | D:1      | Reached skill level 4 in Short Blades
   271 | D:1      | Reached XP level 2. HP: 9/16 MP: 3/3
   430 | D:1      | XOM: polymorph hobgoblin -> kobold
   673 | D:1      | XOM: give mutations
   673 | D:1      | Gained mutation: Your flesh is heat resistant. (rF+) [Xom's
                  | grace]
   673 | D:1      | Gained mutation: Your mind is acute. (Int +2) [Xom's grace]
   683 | D:1      | XOM: torment (9/16 hp)
  1174 | D:2      | Reached XP level 3. HP: 19/19 MP: 4/4
  1570 | D:2      | Reached skill level 5 in Short Blades
  1761 | D:3      | XOM: silly message
  1947 | D:3      | Reached XP level 4. HP: 19/23 MP: 5/5
  1978 | D:3      | XOM: divination: magic mapping
  2011 | D:3      | XOM: butterfly on damage
  2339 | D:3      | Killed from afar by an orc priest

Illustrated notes

Levels and vault maps discovered:
D:1:      scummos_arrival_simple_fountains, layout_rooms,
          chequers_serial_rivers_large_b, serial_park_tiny_pond,
          chequers_serial_rivers_small_3, st_stairs_8, minivault_27,
          minmay_misc_feat_five, chequers_serial_rivers_large_a,
          minmay_misc_feat_rugged, minmay_tiny_reverse_x
D:2:      layout_loops_ring
D:3:      layout_basic, grunt_temple_overflow_open, bloody_makhleb

Skill      XL: |  1  2  3 |
---------------+----------+-----
Short Blades   | 4 5 |  5.6
Fighting       | |  2.4
Dodging        | |  3.5

Action                   |  1- 3 |  4- 6 || total
-------------------------+-------+-------++-------
Melee: Short sword       |   142 |    20 ||   162
Throw: Stone             |     8 |     3 ||    11
 Stab: Paralysed         |     1 |       ||     1
       Sleeping          |     1 |       ||     1
Armor: Robe              |    11 |     3 ||    14
Dodge: Dodged            |   108 |     9 ||   117
